 Dungeon Crawl Stone Soup version 0.18.1-6-gd335043 (webtiles) character file.

99 Inkary the Sneak (level 4, 0/23 HPs)
             Began as a Spriggan Assassin on May 15, 2016.
             Slain by Natasha (9 damage)
             ... on level 3 of the Dungeon.
             The game lasted 00:09:39 (2916 turns).

Inkary the Sneak (Spriggan Assassin)                Turns: 2916, Time: 00:09:39

Health: 0/23       AC:  3    Str:  7    XL:     4   Next: 45%
Magic:  5/5        EV: 19    Int: 12    God:
Gold:   144        SH:  0    Dex: 18    Spells: 0 memorised, 3 levels left

rFire  . . .     SeeInvis +     a - +2 dagger
rCold  . . .     Gourm    .     c - +0 robe
rNeg   . . .     Faith    .     (shield restricted)
rPois  .         Spirit   .     (helmet restricted)
rElec  .         Dismiss  .     d - +0 cloak
rCorr  .         Reflect  .     (gloves unavailable)
SustAt .         Harm     .     (boots unavailable)
MR     .....                    (no amulet)
Stlth  ++++......               (no ring)
                                j - ring of see invisible

@: very quick, not resistant to hostile enchantments, stealthy
A: unfitting armour, see invisible, herbivore 3, speed 3, slow metabolism 2
a: no special abilities


You were on level 3 of the Dungeon.
You were not hungry.

You visited 1 branch of the dungeon, and saw 3 of its levels.

You collected 144 gold pieces.

Inventory:

Hand Weapons
 a - a +2 dagger (weapon)
 b - a +0 blowgun
 x - a +1 dagger of venom
Missiles
 e - 26 poisoned needles
 f - 2 curare-tipped needles
Armour
 c - a +0 robe (worn)
 d - a +0 cloak (worn)
Jewellery
 j - a ring of see invisible (left hand)
 r - an uncursed amulet of faith {unknown}
Wands
 u - a wand of acid (7/15)
Scrolls
 h - 3 scrolls of identify
 i - 2 scrolls of enchant weapon {unknown}
 n - 4 scrolls of teleportation {unknown}
 s - 3 scrolls of remove curse {unknown}
 t - a scroll of magic mapping {unknown}
 v - 2 scrolls of fear {unknown}
Potions
 l - a potion of might
 m - 2 potions of brilliance
 o - 2 potions of curing {unknown}
 p - a potion of ambrosia {unknown}
 q - a potion of berserk rage {unknown}
 w - a potion of cure mutation {unknown}
Comestibles
 g - 4 bread rations
 k - a slice of pizza


   Skills:
 - Level 1.7 Fighting
 + Level 3.2 Short Blades
 - Level 2.0 Throwing
 + Level 3.4 Dodging
 * Level 7.4 Stealth


You had 3 spell levels left.
You didn't know any spells.

Dungeon Overview and Level Annotations

Branches:
Dungeon (3/15)

Altars:
Ru

Annotations:
D:3 Natasha; dadoka's ghost, weakling DsGl


Innate Abilities, Weirdness & Mutations

You are tiny and cannot use many weapons and most armour.
You have supernaturally acute eyesight.
You are a herbivore.
You cover ground extremely quickly.
You need consume almost no food.


Message History

The shadow imp gestures at you. Pain shoots through your body!
Ouch! That really hurt!
Natasha wildly gestures.
Natasha's fingertips start to glow.
Natasha closely misses you.
You barely miss Natasha.
Natasha is heavily wounded.
The shadow imp barely misses you. The shadow imp misses you.
You hit Natasha.
Natasha is severely wounded.
Natasha wildly gestures.
Natasha glows brightly for a moment.
Natasha claws you. The shadow imp completely misses you.
The shadow imp grins evilly.
The shadow imp barely misses you.
You hit Natasha.
Natasha is almost dead.
Natasha claws you!
You die...

....##...##.#
..........#.#
....##......#
###.##..########
##..##...###...## ####
.)#......##.###.##...
.###.....#.## ##.#.#
..#.#####.#######5.###
....# #.# #..h@5...#
.#### #.###.###..#.#
.## ##)##.# .#.# # ..#
#....# # ... W.#
#.#...# ##.. ..#
####.##### ### .%#
#.......# #######
..#####.#####.#
#.....# ...W<...#
#.####.....#


You could see Natasha and 2 shadow imps.

Vanquished Creatures
  4 adders
  A worm (D:2)
  A dart slug (D:1)
  A giant gecko (D:1)
  4 ball pythons
  7 bats
  A giant cockroach (D:2)
  12 goblins
  6 hobgoblins
  2 jackals (D:2)
  5 kobolds
  4 giant newts
  11 rats
59 creatures vanquished.

Notes
Turn   | Place    | Note
--------------------------------------------------------------
     0 | D:1      | Inkary the Spriggan Assassin began the quest for the Orb.
     0 | D:1      | Reached XP level 1. HP: 10/10 MP: 2/2
    80 | D:1      | Reached skill level 6 in Stealth
   217 | D:1      | Reached XP level 2. HP: 7/14 MP: 3/3
   989 | D:2      | Found a sacrificial altar of Ru.
  1015 | D:2      | Reached XP level 3. HP: 18/18 MP: 4/4
  1667 | D:2      | Reached skill level 7 in Stealth
  1705 | D:2      | Reached XP level 4. HP: 23/23 MP: 5/5
  1989 | D:3      | Noticed dadoka's ghost (weakling DsGl)
  2905 | D:3      | Noticed Natasha
  2916 | D:3      | Slain by Natasha

Skill      XL: |  1  2  3 |
---------------+----------+-----
Stealth        | 6 7 |  7.4
Dodging        | 2 3 |  3.4
Short Blades   | 3 |  3.2
Fighting       | |  1.7
Throwing       | |  2.0

Action                   |  1- 3 |  4- 6 || total
-------------------------+-------+-------++-------
Melee: Dagger            |   117 |    62 ||   179
  Use: Scroll            |     2 |       ||     2
 Stab: Sleeping          |    14 |     6 ||    20
Armor: Robe              |    14 |     9 ||    23
Dodge: Dodged            |    72 |    47 ||   119
